cohdb
Replays
Latest Replays
All Replays
Popular Replays
Top Player Replays
Match Explorer
How It Works
Community
CoH3 Stats
Reddit
Sign in to upload your games and track your stats! →
Sign in with Steam
Match 45145875
Unlisted
Match 45145875
Overview
Messages
Build Orders
End
Kettenkrad Recon Vehicle
Construct Infanterie Kompanie
Selects Breakthrough Battlegroup
Selects Assault Grenadiers
Grenadier Squad
MG 42 Machine Gun Team
Grenadier Squad
Infanterie Officer Quarters
Grenadier Squad
Medical Station
Construct Luftwaffe Kompanie
Grenadier Squad
221 Scout Car
Selects Rapid Production
Selects Breakthrough
Jäger Squad
Jäger Squad
Luftwaffe Officer Quarters
Selects Blitzkrieg
移不动
赵天天001
0
0
Comments
sign in to comment!
No comments posted yet!